[Event "448. Wednesday (05.08.2020)"]
[Site "Official B"]
[Date "2020.08.05"]
[Round "8"]
[White "Sedarpl"]
[Black "Smart-arse"]
[Result "1/2-1/2"]
[WhiteElo "2214"]
[BlackElo "1886"]
[PlyCount "72"]
[EventDate "2020.08.05"]
[EventType "swiss (blitz)"]
[TimeControl "300"]

1. e4 e5 2. d4 exd4 3. c3 dxc3 4. Bc4 cxb2 5. Bxb2 d5 6. exd5 Nf6 7. Ne2 Bd6 8. Nd2 O-O 9. O-O Nbd7 10. Qc2 Nb6 11. Nc3 Nxc4 12. Nxc4 a6 13. Nxd6 Qxd6 14. Ne4 Nxe4 15. Qxe4 Qg6 16. Qxg6 hxg6 17. Rfc1 Rd8 18. Rxc7 Rxd5 19. Re7 Be6 20. Rxb7 Rc8 21. a4 a5 22. h3 Rc2 23. Rf1 g5 24. Rb8+ Kh7 25. Kh2 Rf5 26. Bd4 Rc4 27. Be3 Rxa4 28. Rc1 Ra2 29. Rc7 a4 30. Ra8 Bb3 31. Ra6 Re2 32. Rca7 Rc2 33. Kg1 Rd5 34. Kh2 Rf5 35. Kg1 Rd5 36. Kh2 Rf5 {[%emt 0:00:06] (Lag: Av=1.26s, max=2.9s)} 1/2-1/2

[Event "448. Wednesday (05.08.2020)"]
[Site "Official B"]
[Date "2020.08.05"]
[Round "9"]
[White "Károly Lajosné"]
[Black "Königsinder"]
[Result "1-0"]
[WhiteElo "1932"]
[BlackElo "1694"]
[PlyCount "125"]
[EventDate "2020.08.05"]
[EventType "swiss (blitz)"]
[BlackTeam "SF Barsinghausen"]
[TimeControl "300"]

{- Serreck, Uwe (1889)} 1. d4 g6 2. Nf3 Bg7 3. Bf4 d6 4. e3 Nf6 5. h3 O-O 6. Bh2 Nbd7 7. Be2 b6 8. O-O Ne4 9. Nbd2 Bb7 10. c3 e5 11. Qb1 f5 12. Rd1 Nxd2 13. Nxd2 Qg5 14. Bf3 e4 15. Be2 h5 16. a4 h4 17. a5 Nf6 18. Bf4 Qxf4 19. exf4 Nd5 20. Bc4 Kh7 21. Bxd5 Bxd5 22. Re1 b5 23. Nf1 a6 24. Ne3 Bf7 25. Qc2 Rfc8 26. c4 b4 27. d5 Rab8 28. Qb3 c5 29. dxc6 Rxc6 30. Red1 Rb5 31. Ra4 Rbc5 32. Qxb4 Bxc4 33. Qb8 Bb5 34. Ra2 Rc1 35. Qd8 Rxd1+ 36. Nxd1 Rc1 37. Qxh4+ Bh6 38. Qe7+ Bg7 39. Qxd6 Be2 40. Kh2 Rxd1 41. Qb6 Bh6 42. g3 Bf3 43. Qc7+ Bg7 44. g4 Rh1+ 45. Kg3 fxg4 46. hxg4 Rg1+ 47. Kh4 Kh6 48. g5+ Kh7 49. f5 Rh1+ 50. Kg3 Rg1+ 51. Kf4 Rg4+ 52. Ke3 gxf5 53. g6+ Rxg6 54. Qh2+ Bh6+ 55. Kd4 Rd6+ 56. Ke5 Rc6 57. Kxf5 Rc5+ 58. Ke6 Rc6+ 59. Kd7 Rc2 60. Ra3 Rd2+ 61. Kc7 Rc2+ 62. Kb6 Rc4 63. Qc7+ {[%emt 0:00:01] Zeit (Lag: Av=0.54s, max=0.8s)} 1-0